AoeStats
← Hammurabi

Arena

505918452Analyzed
4v4 RM · 20d ago on Sep 11, 2026· 51m 56s· 8 players
Game mode
Random Map
Map size
Large (8 player)
Population
200
Speed
Normal
Resources
Standard
Victory
Conquest
Starting age
Dark Age
Ending age
Imperial Age
RankedLock teamsTeams togetherTeam positionsShared explorationLock speedFull tech treeHidden civsTurbo modeCheats
Victory
Defeat
🇹🇷 Slavs · Türkiye
981
+16
🇹🇼 Italians · Taiwan
976
+16
🇲🇽 Hindustanis · Mexico
973
+16
🇹🇼 Huns · Taiwan
936
+17
🇨🇿 Italians · Czechia
978
-16
🇩🇪 Portuguese · Germany
978
-17
🇫🇷 Khmer · France
966
-16
🇪🇸 Turks · Spain
955
-16
Rastaroh
11:22 Feudal Age
16:11 Castle Age
14:48 Double-Bit Axe
15:46 Horse Collar
23:22 Heavy Plow
23:40 Bow Saw
25:35 Scale Barding Armor
27:00 Gold Mining
27:26 Bloodlines
27:16 Husbandry
28:29 Caravan
29:14 Chain Barding Armor
29:05 Forging
31:47 Imperial Age
29:02 Loom
30:32 Gold Shaft Mining
32:12 Iron Casting
33:26 Wheelbarrow
33:01 Padded Archer Armor
33:38 Plate Barding Armor
34:05 Blast Furnace
35:35 Two-Man Saw
35:24 Artillery
35:45 Conscription
43:41 Leather Archer Armor
44:26 Heavy Camel Rider
46:24 Hand Cart
45:55 Town Watch
JakubCZ
11:01 Feudal Age
15:11 Castle Age
13:00 Double-Bit Axe
13:17 Horse Collar
16:12 Wheelbarrow
15:24 Town Watch
17:10 Bow Saw
21:34 Stone Mining
22:07 Gold Mining
24:22 Heavy Plow
25:35 Ballistics
25:11 Fletching
25:26 Town Watch
25:58 Hand Cart
29:22 Imperial Age
28:08 Stone Shaft Mining
27:17 Treadmill Crane
28:14 Loom
28:48 Hand Cart
28:39 Bodkin Arrow
29:36 Town Patrol
30:31 Conscription
30:38 Bracer
30:52 Padded Archer Armor
32:13 Chemistry
32:00 Murder Holes
32:24 Leather Archer Armor
32:42 Elite Genoese Crossbowman
35:15 Forging
41:30 Light Cavalry
42:20 Bloodlines
42:11 Husbandry
42:46 Hussar
44:00 Ring Archer Armor
44:06 Iron Casting
43:37 Scale Barding Armor
47:02 Crop Rotation
47:37 Blast Furnace
46:58 Chain Barding Armor
Hammurabi
12:09 Feudal Age
11:57 Loom
16:11 Castle Age
16:53 Double-Bit Axe
20:15 Horse Collar
23:42 Imperial Age
22:52 Bow Saw
23:22 Wheelbarrow
28:21 Bloodlines
31:20 Pikeman
34:58 Thumb Ring
39:06 Gold Mining
39:34 Hand Cart
39:28 Heavy Plow
39:59 Husbandry
39:20 Cavalier
43:37 Scale Barding Armor
43:43 Forging
45:21 Chain Barding Armor
45:37 Iron Casting
51:32 Plate Barding Armor
Bol renversé Especial
10:35 Feudal Age
13:09 Loom
16:04 Castle Age
14:19 Double-Bit Axe
14:42 Horse Collar
23:12 Wheelbarrow
23:56 Hand Cart
24:07 Bow Saw
24:47 Heavy Plow
26:50 Ballistics
26:27 Murder Holes
26:43 Masonry
27:10 Fletching
27:21 Padded Archer Armor
27:27 Scale Barding Armor
31:01 Gold Mining
31:04 Stone Mining
32:57 Chain Barding Armor
32:32 Bodkin Arrow
35:28 Imperial Age
34:53 Fortified Wall
36:11 Forging
37:45 Chemistry
36:53 Siege Engineers
37:19 Architecture
37:40 Caravan
38:14 Conscription
37:58 Double Crossbow
37:19 Elite Ballista Elephant
38:55 Bloodlines
38:46 Husbandry
40:25 Plate Barding Armor
40:27 Iron Casting
40:54 Elite Battle Elephant
41:42 Light Cavalry
43:20 Hoardings
43:50 Blast Furnace
42:50 Bracer
48:37 Tusk Swords
48:40 Hussar
51:06 Elite Skirmisher
ULG_1
10:37 Feudal Age
15:45 Castle Age
15:07 Horse Collar
15:14 Double-Bit Axe
19:16 Bow Saw
19:43 Heavy Plow
29:05 Imperial Age
28:23 Wheelbarrow
28:52 Loom
29:28 Forging
29:18 Scale Mail Armor
29:24 Scale Barding Armor
29:23 Squires
32:52 Chemistry
34:04 Iron Casting
33:45 Chain Mail Armor
33:50 Chain Barding Armor
34:34 Fletching
36:14 Blast Furnace
34:37 Man-at-Arms
34:38 Pikeman
35:58 Grand Trunk Road
36:19 Conscription
36:14 Long Swordsman
36:53 Elite Ghulam
38:13 Hand Cart
37:53 Two-Handed Swordsman
41:55 Two-Man Saw
42:48 Champion
44:49 Coinage
44:20 Caravan
46:32 Banking
48:24 Plate Barding Armor
48:26 Shatagni
52:25 Husbandry
52:36 Bloodlines
51:47 Light Cavalry
Ricardo Quaresma
10:42 Feudal Age
11:22 Double-Bit Axe
18:08 Castle Age
17:53 Wheelbarrow
17:04 Horse Collar
20:49 Bow Saw
23:18 Hand Cart
25:06 Heavy Plow
26:23 Forging
26:19 Scale Barding Armor
26:10 Gold Mining
26:13 Stone Mining
28:15 Gold Shaft Mining
31:27 Imperial Age
29:06 Detinets
30:51 Iron Casting
30:36 Chain Barding Armor
31:07 Bloodlines
30:58 Husbandry
33:06 Conscription
32:37 Elite Boyar
32:45 Elite Boyar
35:15 Blast Furnace
34:51 Plate Barding Armor
35:56 Two-Man Saw
35:30 Crop Rotation
47:18 Light Cavalry
48:21 Hussar
Superfarmer
11:03 Feudal Age
9:18 Loom
15:08 Castle Age
12:55 Double-Bit Axe
13:11 Horse Collar
21:32 Wheelbarrow
22:03 Fletching
22:49 Ballistics
23:34 Bow Saw
24:18 Bodkin Arrow
24:42 Gold Mining
25:41 Town Watch
26:39 Stone Mining
31:15 Imperial Age
29:55 Hand Cart
31:56 Redemption
32:05 Bracer
32:55 Onager
34:41 Chemistry
35:24 Conscription
36:10 Two-Man Saw
35:12 Heavy Plow
35:34 Thumb Ring
35:48 Block Printing
35:55 Elite Genoese Crossbowman
37:05 Capped Ram
37:56 Squires
37:58 Padded Archer Armor
38:04 Scale Barding Armor
37:59 Scale Mail Armor
38:10 Forging
38:11 Pikeman
40:56 Hoardings
40:53 Sanctity
41:54 Chain Mail Armor
42:15 Iron Casting
42:44 Masonry
平凡自在
9:37 Feudal Age
10:03 Horse Collar
10:10 Double-Bit Axe
17:06 Castle Age
16:04 Forging
17:45 Wheelbarrow
17:11 Stone Mining
17:39 Gold Mining
18:46 Bow Saw
19:18 Heavy Plow
23:12 Gold Shaft Mining
26:32 Marauders
27:12 Iron Casting
26:43 Scale Barding Armor
26:41 Husbandry
26:53 Bloodlines
29:25 Chain Barding Armor
29:34 Hand Cart
29:50 Loom
30:56 Town Watch
34:33 Imperial Age
33:26 Caravan
36:08 Conscription
35:10 Elite Tarkan
36:12 Conscription
37:47 Two-Man Saw
37:49 Blast Furnace
37:41 Plate Barding Armor
38:49 Devotion
39:11 Heresy
38:52 Devotion
46:59 Guilds
Connection lost

Rejoining the realm…

Still unreachable

The connection could not be restored.

Session expired

The server has moved on; the page needs a fresh start.